 Dungeon Crawl Stone Soup version 0.31.0-32-g396128a36d (webtiles) character file.

Game seed: 7663065504641971370

134 spaghetti the Sneak (level 4, -1/35 HPs)
             Began as a Demonspawn Chaos Knight on Mar 14, 2024.
             Was a Plaything of Xom.
             Killed from afar by Ijyb (15 damage)
             ... with a bolt of light
             ... on level 3 of the Dungeon.
             The game lasted 00:01:50 (1882 turns).

spaghetti the Sneak (Demonspawn Chaos Knight)       Turns: 1882, Time: 00:01:50

Health: -1/35      AC:  8    Str: 13    XL:     4   Next: 95%
Magic:  4/4        EV: 11    Int: 12    God:    Xom [.....*]
Gold:   105        SH:  0    Dex: 14    Spells: 3/3 levels left

rFire   . . .        a - +0 short sword (chaos)
rCold   . . .        (no shield)
rNeg    . . .        b - +2 leather armour
rPois   .            f - +0 helmet
rElec   .            (no cloak)
rCorr   .            (no gloves)
SInv    .            (no boots)
Will    .....        (no amulet)
Stlth   +++          (no ring)
HPRegen 0.25/turn    (no ring)
MPRegen 0.09/turn

%: no passive effects
@: no status effects
A: molten scales 1
a: Renounce Religion


You were on level 3 of the Dungeon.
You worshipped Xom.
You were Xom's teddy bear.
You visited 1 branch of the dungeon, and saw 3 of its levels.

You collected 105 gold pieces.

Inventory:

Hand Weapons
 a - a +0 short sword of chaos (weapon)
Armour
 b - a +2 leather armour (worn)
 f - a +0 helmet (worn)
Scrolls
 c - a scroll of butterflies
 d - a scroll of vulnerability {unknown}
Potions
 e - 2 potions of invisibility {unknown}


   Skills:
 - Level 3.0 Fighting
 - Level 2.6 Short Blades
 - Level 1.7 Armour
 - Level 0.8 Dodging
 + Level 4.6 Stealth


You had 3 spell levels left.
You didn't know any spells.
Your spell library was empty.

Dungeon Overview and Level Annotations

Branches:
Dungeon (3/15)

Altars:

Shops:
D:1 :   D:3 [

Annotations:
D:3 Ijyb


Innate Abilities, Weirdness & Mutations

You are partially covered in molten scales. (AC +2)


Message History

You hit Ijyb but do no damage.
Ijyb is moderately wounded.
Ijyb zaps a wand.
The bolt of light misses you.
You hit Ijyb but do no damage.
Ijyb is moderately wounded.
Ijyb hits you with a +0 dagger. Ijyb hits you but does no damage.
You hit Ijyb. You freeze Ijyb.
Ijyb is heavily wounded.
Ijyb zaps a wand.
The bolt of light hits you!
You are confused.
You are too injured to fight recklessly!
You are too injured to fight recklessly!
You are too injured to fight recklessly!
You are too injured to fight recklessly!
You are too injured to fight recklessly!
You are too injured to fight recklessly!
You are too injured to fight recklessly!
You are too injured to fight recklessly!
You are too injured to fight recklessly!
You are too injured to fight recklessly!
You are too injured to fight recklessly!
You are too injured to fight recklessly!
You are too injured to fight recklessly!
You are too injured to fight recklessly!
Ijyb is nearby!
Ijyb is nearby!
You bump into the rock wall.
Ijyb hits you but does no damage. Ijyb hits you with a +0 dagger.
You're too confused to move!
Ijyb hits you but does no damage.
You feel less confused. Ijyb barely misses you. Ijyb hits you with a +0 dagger.
Ijyb zaps a wand.
The bolt of light misses you.
You hit Ijyb but do no damage.
Ijyb suddenly seems more resistant.
Xom thinks this is hilarious!
Ijyb is heavily wounded.
Xom grants you insight.
You detect items!
You are now Xom's teddy bear.
Ijyb zaps a wand.
The bolt of light hits you!
You die...

#...########.##..#
###..#######....#
............###
###.####....## ..
#.#..# #.....#..#
#.. #..# #> #g.#
.. #@.# ∆ #..# ∆
#..# #..# ∆ ...#
#... #### ∆


You could see Ijyb (fast, resistant).

Vanquished Creatures
  Terence (D:2)
  Natasha (D:2)
  2 adders
  5 dart slugs
  A ribbon worm (D:2)
  6 endoplasms
  A giant cockroach (D:1)
  6 goblins
  3 hobgoblins (D:1)
  2 jackals (D:2)
  11 kobolds
  A quokka (D:3)
  4 ball pythons
  4 bats
  5 frilled lizards
  A rat (D:2)
  A spectral goblin (D:2)
55 creatures vanquished.

Notes
Turn   | Place    | Note
-------+----------+-------------------------------------------
     0 | D:1      | spaghetti the Demonspawn Chaos Knight began the quest for
                  | the Orb.
     0 | D:1      | Reached XP level 1. HP: 18/18 MP: 1/1
    46 | D:1      | Reached skill level 1 in Stealth
   121 | D:1      | Gained mutation: You are partially covered in molten
                  | scales. (AC +2) [demonic ancestry]
   121 | D:1      | Reached XP level 2. HP: 24/24 MP: 2/2
   164 | D:1      | XOM: divination: detect items
   217 | D:1      | Reached skill level 2 in Stealth
   297 | D:1      | XOM: divination: detect creatures
   359 | D:1      | Found Guplejyi's Book Emporium.
   784 | D:2      | Reached XP level 3. HP: 29/29 MP: 3/3
   825 | D:2      | Noticed Terence
   834 | D:2      | Killed Terence
   835 | D:2      | Reached skill level 3 in Stealth
   953 | D:2      | Reached XP level 4. HP: 35/35 MP: 4/4
  1191 | D:2      | Found a faded altar of an unknown god.
  1246 | D:2      | Noticed Natasha
  1255 | D:2      | XOM: silly message
  1256 | D:2      | Killed Natasha
  1257 | D:2      | Reached skill level 4 in Stealth
  1717 | D:2      | XOM: god gift: battleaxe {god gift}
  1827 | D:3      | Found Poim's Armour Boutique.
  1866 | D:3      | Noticed Ijyb
  1882 | D:3      | XOM: divination: detect items
  1882 | D:3      | Killed from afar by Ijyb

Illustrated notes

Levels and vault maps discovered:
D:1:      erik_arrival_triangle_medium, layout_basic, serial_shops,
          nicolae_book_shop_shelving
D:2:      layout_basic, dreamdust_ecumenical_altar_drowned_temple, uniq_terence,
          uniq_natasha
D:3:      layout_basic, good_gods_temple_1, portal_sewer_entry_b, serial_shops,
          shop, serial_corexii_hall, corexii_hall_statues_deadend,
          corexii_hall_statues_t, uniq_ijyb, uniq_sigmund

Skill      XL: |  1  2  3  4 |
---------------+-------------+-----
Stealth        | 1 2 3 4 |  4.6
Fighting       | |  3.0
Short Blades   | |  2.6
Armour         | |  1.7
Dodging        | |  0.8

Action                     |  1- 3 |  4- 6 || total
---------------------------+-------+-------++-------
  Melee: Short sword       |    85 |    66 ||   151
         Punch             |     2 |     1 ||     3
    Use: Scroll            |     1 |       ||     1
   Stab: Sleeping          |     7 |     5 ||    12
 Armour: Leather armour    |    47 |    48 ||    95
  Dodge: Dodged            |    40 |    29 ||    69
